 Dungeon Crawl Stone Soup version 0.28.0-45-g0d030f2227 (webtiles) character file.

Game seed: 13558458356707659443

7018 Icepheonix32 the Fighter (level 10, -14/80 HPs)
             Began as a Demonspawn Fighter on Apr 6, 2022.
             Was an Initiate of Hepliaklqana.
             Hit by a large rock thrown by a stone giant (33 damage)
             ... created by the fury of Okawaru
             ... on level 9 of the Dungeon on Apr 7, 2022.
             The game lasted 00:20:01 (11298 turns).

Icepheonix32 the Fighter (Demonspawn Fighter)      Turns: 11298, Time: 00:20:01

Health: -14/80     AC: 13    Str: 20    XL:     10   Next: 82%
Magic:  10/10      EV: 15    Int:  9    God:    Hepliaklqana [......]
Gold:   120        SH:  0    Dex: 14    Spells: 9/9 levels left

rFire   . . .      SeeInvis .   L - +10 flail of Zoappewn {freeze, Fly rElec}
rCold   + . .      Faith    .   (no shield)
rNeg    . . .      Spirit   .   v - +0 acid dragon scales
rPois   +          Reflect  .   h - +2 hat
rElec   +          Harm     .   w - +0 cloak
rCorr   +          Rampage  .   (gloves unavailable)
Will    .....                   (no boots)
Stlth   ++........              (no amulet)
HPRegen 0.23/turn               g - ring of poison resistance
MPRegen 0.24/turn               F - ring of protection from cold

@: flying, hasted, studying 2 skills, very quick
A: slimy green scales 2, spiny 1, magic regeneration, demonic touch 3,
MP-powered wands, sturdy frame 1
a: Renounce Religion


You were on level 9 of the Dungeon.
You worshipped Hepliaklqana.
Hepliaklqana was noncommittal.
You visited 2 branches of the dungeon, and saw 10 of its levels.
You also visited: Ossuary.

You collected 406 gold pieces.
You spent 286 gold pieces at shops.

Inventory:

Hand Weapons
 a - a +0 long sword
 p - a +2 vorpal flail
 u - the +4 hand axe "Didwuote" {antimagic, Str+4 SInv}
   (You found it on level 4 of the Dungeon)

   It reduces the magical energy of the wielder, and disrupts the spells and
   magical abilities of those it strikes.
   Natural abilities and divine invocations are not affected.
   Str:       It affects your strength (+4).
   SInv:      It lets you see invisible.
 y - a +4 trident of venom
 L - the +10 flail of Zoappewn (weapon) {freeze, Fly rElec}
   (You found it on level 8 of the Dungeon)

   It freezes those it strikes, dealing additional cold damage.
   It can also slow down cold-blooded creatures.
   rElec:     It insulates you from electricity.
   Fly:       It grants you flight.
Missiles
 f - 39 sling bullets
Armour
 b - a +0 scale mail
 c - a +0 buckler
 d - a +0 ring mail
 h - a +2 hat (worn)
 o - a +1 leather armour of poison resistance
 v - +0 acid dragon scales (worn)
 w - a +0 cloak (worn)
Magical Staves
 r - a staff of cold
Jewellery
 g - a ring of poison resistance (left hand)
 F - a ring of protection from cold (right hand)
 J - a ring of wizardry
Wands
 i - a wand of digging (9)
 k - a wand of flame (6)
 D - a wand of charming (3)
 E - a wand of mindburst (5)
Scrolls
 e - 3 scrolls of torment
 j - 2 scrolls of teleportation
 q - 3 scrolls of fear
 s - 3 scrolls of fog
 t - 2 scrolls of identify
 A - 3 scrolls of noise
 C - 4 scrolls of enchant weapon {unknown}
 G - a scroll of amnesia {unknown}
 H - a scroll of magic mapping {unknown}
 K - a scroll of blinking
Potions
 l - a potion of ambrosia
 m - a potion of flight {unknown}
 n - 7 potions of curing
 x - a potion of mutation
 B - 3 potions of heal wounds
 I - a potion of resistance {unknown}


   Skills:
 * Level 8.3 Fighting
 - Level 2.4 Long Blades
 - Level 4.6(5.2) Axes
 + Level 3.6(4.7) Maces & Flails
 + Level 1.0 Throwing
 + Level 5.2 Armour
 * Level 8.1 Dodging
 + Level 3.2 Stealth
 - Level 3.0 Shields
 * Level 6.3 Unarmed Combat
 + Level 0.2 Evocations


You had 9 spell levels left.
You didn't know any spells.
Your spell library contained the following spells:

 Spells                   Type           Power      Damage    Failure   Level
 Frozen Ramparts          Ice            0%         1d2       78%         3
 Ignite Poison            Fire/Tmut/Pois 0%         N/A       78%         3
 Mephitic Cloud           Conj/Pois/Air  0%         N/A       78%         3
 Hailstorm                Conj/Ice       0%         3d3       99%         4
 Ice Form                 Ice/Tmut       0%         N/A       99%         4
 Summon Ice Beast         Ice/Summ       0%         N/A       99%         4
 Freezing Cloud           Conj/Ice/Air   0%         6-21      100%        5
 Simulacrum               Ice/Necr       0%         N/A       100%        6


Dungeon Overview and Level Annotations

Branches:
Dungeon (9/15)             Temple (1/1) D:6            Lair (0/6) D:9
Ossuary (visited)
    Orc: D:9-12

Altars:
Ashenzari
Cheibriados
Dithmenos
Elyvilon
Fedhas
Gozag
Hepliaklqana
Kikubaaqudgha
Nemelex Xobeh
Okawaru
Qazlal
Ru
Sif Muna
Trog
Uskayaw
Vehumet
Wu Jian
Xom
Yredelemnul
Zin
The Shining One

Shops:
D:4 :   D:7 ((***   D:8 (

Annotations:
D:8 Harold, Psyche


Innate Abilities, Weirdness & Mutations

You are mostly covered in slimy green scales. (AC +3)
You are partially covered in sharp spines.
You regenerate magic rapidly.
Your touch may irresistibly damage your foes and sap their willpower.
You expend magic power (3 MP) to strengthen your wands.
Your movements are slightly less encumbered by armour. (ER -2)


Message History

A stone giant and 8 orcs come into view.
An orc warrior is wielding a +0 vorpal battleaxe.
You hit the orc warrior but do no damage.
You touch the orc warrior!
You sap its willpower!
The orc warrior is moderately wounded.
You barely miss the orc warrior.
The orc warrior is moderately wounded.
The orc is struck by your spines. The orc misses you.
The orc warrior is struck by your spines.
The orc warrior hits you but does no damage.
You closely miss the orc. Your touch misses the orc.
The orc is almost dead.
The orc warrior misses you. The orc is struck by your spines.
You kill the orc!
That felt strangely unrewarding.
The stone giant completely misses you. The orc knight completely misses you.
You sock the orc warrior! You freeze the orc warrior.
You kill the orc warrior!
That felt strangely unrewarding.
The orc warrior is struck by your spines.
The orc warrior misses you.
The orc priest miscasts a cantrip.
The stone giant barely misses you. The orc warrior closely misses you.
The orc priest looks satisfied for a moment.
The orc warrior closely misses you.
The orc warrior is struck by your spines.
The orc warrior hits you with a +0 dire flail.
The stone giant hits you!! The orc warrior completely misses you.
The orc warrior hits you from afar with a +0 glaive!
You see here a black bear corpse.
The stone giant hits you! The orc warrior closely misses you.
The orc knight roars a battlecry!
The orcs go into a battle-frenzy!
The stone giant throws a large rock.
The large rock closely misses you.
The orc priest mumbles some strange prayers to Okawaru against you.
Pain shoots through your body!
* * * LOW HITPOINT WARNING * * *
You feel yourself speed up.
The stone giant throws a large rock.
The large rock hits you!!
You die...

##########..# ##
............# ...
.........)..# #..
.........).)# #.#
###########)# #.# #.#
#######.###############.#
........................#
.........@..............#
#####.C###############.#
#..# #.# #######oo# #)#
.......oo###############)#
......o.o................#
##.....†.................#
#.......................#
#.......................#


You could see a stone giant.

Vanquished Creatures
  A hydra (D:9)
  Maggie (D:6)
  A troll (D:8)
  Grinder (D:6)
  3 yaks (D:6)
  2 wyverns (D:8)
  Eustachio (D:4)
  Edmund (D:6)
  2 water moccasins
  3 orc warriors
  An ice beast (D:5)
  2 hornet zombies
  2 ogres
  3 black bears
  8 necrophages
  5 centaurs
  Blork the orc (D:4)
  2 gnoll sergeants
  A wyvern zombie (D:6)
  7 bullfrogs
  A wyvern skeleton (D:6)
  3 killer bees (D:9)
  6 wights
  2 howler monkeys
  6 centaur zombies
  A hound (D:4)
  A human zombie (Ossuary)
  A bullfrog skeleton (D:5)
  Crazy Yiuf (D:4)
  An orc priest (D:8)
  4 centaur skeletons
  2 gnoll shamans
  Terence (D:3)
  A scorpion zombie (D:5)
  3 iguanas
  4 orc wizards
  A killer bee zombie (D:7)
  4 mummies
  2 hound skeletons
  Robin (D:2)
  2 howler monkey zombies
  17 gnolls
  2 adders
  2 shadow imps
  2 ufetubi (D:5)
  An adder zombie (Ossuary)
  4 dart slugs
  14 orcs
  5 endoplasms
  4 giant cockroaches
  12 goblins
  8 hobgoblins
  7 kobolds
  A quokka (D:4)
  6 ball pythons
  5 bats
  5 frilled lizards
  2 goblin zombies (Ossuary)
  11 hobgoblin zombies (Ossuary)
  A jackal zombie (Ossuary)
  10 kobold zombies (Ossuary)
  6 orc zombies (Ossuary)
  A quokka skeleton (D:4)
  4 rats
  3 rat zombies (Ossuary)
229 creatures vanquished.

Vanquished Creatures (collateral kills)
  An orc warrior (D:9)
1 creature vanquished.

Vanquished Creatures (others)
  A gnoll (D:9)
  23 fungi (D:9)
  16 plants (D:9)
40 creatures vanquished.

Grand Total: 270 creatures vanquished

Notes
Turn   | Place    | Note
-------+----------+-------------------------------------------
     0 | D:1      | Icepheonix32 the Demonspawn Fighter began the quest for the
                  | Orb.
     0 | D:1      | Reached XP level 1. HP: 18/18 MP: 1/1
   355 | D:1      | Gained mutation: You regenerate magic rapidly. [demonic
                  | ancestry]
   355 | D:1      | Reached XP level 2. HP: 18/24 MP: 2/2
  1419 | D:2      | Gained mutation: Your touch may inflict minor irresistible
                  | damage on your foes. [demonic ancestry]
  1419 | D:2      | Reached XP level 3. HP: 29/29 MP: 3/3
  1764 | D:2      | Noticed Robin
  1789 | D:2      | Killed Robin
  2274 | D:3      | Reached skill level 1 in Unarmed Combat
  2383 | D:3      | Noticed Terence
  2397 | D:3      | Killed Terence
  2398 | D:3      | Reached XP level 4. HP: 12/35 MP: 4/4
  3153 | D:3      | Found a faded altar of an unknown god.
  3350 | D:4      | Found Buumuamual's Book Emporium.
  3363 | D:4      | Noticed Blork the orc
  3365 | D:4      | Gained mutation: You are occasionally teleported next to
                  | monsters. [potion of mutation]
  3374 | D:4      | Killed Blork the orc
  3375 | D:4      | Reached XP level 5. HP: 24/41 MP: 5/5
  3525 | D:4      | Noticed Eustachio
  3526 | D:4      | Lost mutation: You are occasionally teleported next to
                  | monsters. [potion of mutation]
  3526 | D:4      | Gained mutation: You expend magic power (3 MP) to
                  | strengthen your wands. [potion of mutation]
  3526 | D:4      | Gained mutation: Your movements are slightly less
                  | encumbered by armour. (ER -2) [potion of mutation]
  3552 | D:4      | Killed Eustachio
  3553 | D:4      | Reached skill level 1 in Maces & Flails
  3553 | D:4      | Reached skill level 1 in Dodging
  3553 | D:4      | Gained mutation: You are partially covered in slimy green
                  | scales. (AC +2) [demonic ancestry]
  3553 | D:4      | Reached XP level 6. HP: 4/48 MP: 6/6
  3869 | D:4      | Reached skill level 1 in Stealth
  3987 | D:4      | Gained mutation: You are mostly covered in slimy green
                  | scales. (AC +3) [demonic ancestry]
  3987 | D:4      | Reached XP level 7. HP: 44/54 MP: 7/7
  4139 | D:4      | Identified the +4 hand axe "Didwuote" {antimagic, Str+4
                  | SInv}
  4373 | D:4      | Found a hide-covered altar of Uskayaw.
  4480 | D:4      | Found a runed translucent door.
  4481 | D:4      | Noticed Crazy Yiuf
  4727 | D:4      | Killed Crazy Yiuf
  4856 | D:5      | Entered Level 5 of the Dungeon
  4867 | D:5      | Identified a scroll of acquirement
  4868 | D:5      | Acquired a manual of Long Blades
  5017 | D:5      | Reached skill level 1 in Axes
  5092 | D:5      | Found a sand-covered staircase.
  5131 | Ossuary  | Entered an ossuary
  5140 | Ossuary  | Gained mutation: You are partially covered in sharp spines.
                  | [demonic ancestry]
  5140 | Ossuary  | Reached XP level 8. HP: 61/61 MP: 2/8
  5361 | D:5      | Reached skill level 5 in Fighting
  5682 | D:6      | Noticed Grinder
  5698 | D:6      | Killed Grinder
  5939 | D:6      | Gained mutation: Your touch may inflict irresistible damage
                  | on your foes. [demonic ancestry]
  5939 | D:6      | Reached XP level 9. HP: 28/69 MP: 3/9
  6197 | D:6      | Noticed Maggie
  6218 | D:6      | Killed Maggie
  6822 | D:6      | Noticed Edmund
  6827 | D:6      | Reached skill level 5 in Unarmed Combat
  6835 | D:6      | Killed Edmund
  6836 | D:6      | Reached skill level 5 in Dodging
  6989 | D:6      | Reached skill level 5 in Armour
  7888 | D:6      | Found a staircase to the Ecumenical Temple.
  8085 | Temple   | Entered the Ecumenical Temple
  8803 | D:7      | Gained mutation: Your touch may irresistibly damage your
                  | foes and sap their willpower. [demonic ancestry]
  8803 | D:7      | Reached XP level 10. HP: 71/79 MP: 3/10
  8982 | D:7      | Found Otsinoss's General Store.
  8986 | D:7      | Found Acoschust's Antique Weapon Shoppe.
  8986 | D:7      | Found Suikie's Assorted Antiques.
  8987 | D:7      | Found Geiqecos's Antique Weapon Shoppe.
  8990 | D:7      | Bought a scroll of noise for 16 gold pieces
  8994 | D:7      | Bought a scroll labelled ZUFIOSEYRE for 27 gold pieces
  8994 | D:7      | Bought a fluorescent wand for 108 gold pieces
  8994 | D:7      | Bought an ivory ring for 135 gold pieces
  9083 | D:7      | Found an iron altar of Okawaru.
  9085 | D:7      | Found a sacrificial altar of Ru.
  9110 | D:7      | Became a worshipper of Warmaster Okawaru
  9144 | D:7      | Found Lianubb's Elemental Accessories.
  9578 | Temple   | Fell from the grace of Okawaru
  9578 | Temple   | Became a worshipper of Hepliaklqana the Forgotten
  9837 | D:8      | Found Befif's Weapon Shoppe.
  9877 | D:8      | Reached skill level 1 in Throwing
 10425 | D:8      | Identified the +10 flail of Zoappewn {freeze, Fly rElec}
 10559 | D:8      | Noticed Harold
 10560 | D:8      | Noticed Psyche
 10607 | D:9      | Noticed an eight-headed hydra
 10616 | D:9      | Killed an eight-headed hydra
 11246 | D:9      | Found a staircase to the Lair.
 11286 | D:9      | Noticed a stone giant
 11286 | D:9      | Noticed an orc knight
 11298 | D:9      | Hit by a large rock thrown by a stone giant

Illustrated notes

Levels and vault maps discovered:
D:1:      minmay_arrival_open_corners, layout_loops_corners, corner_web_ring
D:2:      layout_loops_ring, uniq_robin
D:3:      layout_loops_ring, hellmonk_ecumenical_altar_blasted, uniq_terence
D:4:      layout_basic, eat_drink_and_be_merry_uskayaw, serial_shops, shop,
          grunt_ministairs_2, minmay_fractal_squares_diagonal_5, uniq_eustachio,
          uniq_crazy_yiuf_cottage, uniq_blork_the_orc
D:5:      layout_rooms, lightli_ossuary_entry_decrepit_ruins
D:6:      layout_rooms, minmay_temple_entry_nine_rooms, uniq_edmund,
          uniq_grinder, uniq_maggie
D:7:      layout_loops_corners, chequers_temple_overflow_statue_of_worship,
          serial_undead, serial_undead_c, serial_undead_d, serial_undead_d,
          serial_undead_a, minmay_shop_grid_forest, grunt_decor_mini_mirrors,
          nicolae_elemental_shop, minmay_misc_feat_pillars,
          ebering_dispersal_statue_hall, minmay_misc_feat_hallway
D:8:      layout_basic, makhleb_blood_cavern_becter, serial_shops, shop,
          minmay_manual_mess, uniq_psyche, uniq_harold
D:9:      layout_long_grid, grunt_lair_entry_orc_guard_hut
Temple:   regret_index_temple_mists

Skill      XL: |  1  2  3  4  5  6  7  8  9 10 |
---------------+-------------------------------+-----
Long Blades    | 2 |  2.4
Shields        | 3 |  3.0
Armour         | 3 4 5 |  5.2
Unarmed Combat | 1 2 3 4 5 6 |  6.3
Maces & Flails | 1 2 3 |  3.6
Dodging        | 1 2 3 6 8 |  8.1
Fighting       | 4 5 7 8 |  8.3
Stealth        | 1 2 3 |  3.2
Axes           | 1 4 |  4.6
Throwing       | 1 |  1.0
Evocations     | |  0.2

Action                   |  1- 3 |  4- 6 |  7- 9 | 10-12 || total
-------------------------+-------+-------+-------+-------++-------
Melee: Long sword        |   130 |     8 |       |       ||   138
       Flail             |       |    64 |    19 |    49 ||   132
       Touch             |       |    16 |    61 |    29 ||   106
       Punch             |       |     2 |     9 |     3 ||    14
       Hand axe          |       |       |   278 |    87 ||   365
Throw: Throwing net      |     1 |     1 |       |       ||     2
       Dart              |       |       |     6 |       ||     6
Evoke: Wand              |       |       |       |     4 ||     4
  Use: Potion            |     1 |     2 |     5 |     1 ||     9
       Scroll            |       |       |     9 |       ||     9
 Stab: Held in net/web   |       |     1 |       |       ||     1
       Sleeping          |       |       |     1 |     2 ||     3
Armor: Scale mail        |    67 |       |       |       ||    67
       Ring mail         |       |    28 |    92 |       ||   120
       Acid dragon scale |       |       |    34 |    61 ||    95
Dodge: Dodged            |    56 |    48 |   225 |   139 ||   468
Block: Buckler           |    28 |     3 |       |       ||    31
